 Dungeon Crawl Stone Soup version 0.18.1-50-g88ac8fd (webtiles) character file.

183 HODOR the Skirmisher (level 5, -10/43 HPs)
             Began as a Mummy Berserker on Oct 2, 2016.
             Was a Believer of Trog.
             Killed by divine providence
             ... invoked by an orc priest
              (15 damage)
             ... on level 4 of the Dungeon.
             The game lasted 00:11:37 (4414 turns).

HODOR the Skirmisher (Mummy Berserker)              Turns: 4414, Time: 00:11:38

Health: -10/43     AC: 13    Str: 22    XL:     5   Next: 35%
Magic:  5/5        EV: 10    Int:  6    God:    Trog [**....]
Gold:   149        SH:  0    Dex: 11    Spells: 0 memorised, 4 levels left

rFire  . . .     SeeInvis .     l - +0 halberd (vamp)
rCold  . . .     Gourm    .     m - +4 scale mail
rNeg   + + +     Faith    .     (shield currently unavailable)
rPois  ∞         Spirit   .     (no helmet)
rElec  .         Dismiss  .     (no cloak)
rCorr  .         Reflect  .     (no gloves)
SustAt .         Harm     .     (no boots)
MR     .....                    (no amulet)
Stlth  ..........               n - +3 ring of protection
                                e - ring of fire

@: not resistant to hostile enchantments, extremely unstealthy
A: no food or potions, fire vulnerability, cold resistance 1, negative energy
resistance 3, torment resistance, unbreathing
a: Trog's Hand, Burn Spellbooks, Renounce Religion


You were on level 4 of the Dungeon.
You worshipped Trog.
Trog was pleased with you.
You were not hungry.

You visited 1 branch of the dungeon, and saw 4 of its levels.

You collected 149 gold pieces.

Inventory:

Hand Weapons
 a - a +0 spear
 l - a +0 vampiric halberd (weapon)
Armour
 m - a +4 scale mail (worn)
Jewellery
 e - a ring of fire (left hand)
 n - a +3 ring of protection (right hand)
Scrolls
 c - 2 scrolls of identify
 h - 2 scrolls of amnesia {unknown}
 j - 4 scrolls of remove curse
 k - a scroll of noise {unknown}


   Skills:
 + Level 4.5 Fighting
 + Level 3.3 Polearms
 + Level 2.8 Armour
 - Level 1.5 Dodging
 + Level 0.1 Stealth


You had 4 spell levels left.
You didn't know any spells.

Dungeon Overview and Level Annotations

Branches:
Dungeon (4/15)
 Temple: D:4-7

Altars:
Pakellas


Innate Abilities, Weirdness & Mutations

You do not eat or drink.
Your flesh is vulnerable to fire.
You are immune to poison.
Your flesh is cold resistant.
You are immune to negative energy.
You are immune to unholy pain and torment.
You can survive without breathing.


Message History

The orc priest shouts! x2; The ogre shouts!
The orc priest miscasts a cantrip.
An orc comes into view.
There is an open door here.
The orc shouts! x2
There is an open door here.
There isn't anything here!
There are no items here.
You can't go up here!
You can't go down here!
There isn't anything here!
Press: ? - help, v - describe, . - travel An open door.
The orc priest mumbles some strange prayers to Beogh against you.
Beogh smites you!
* * * LOW HITPOINT WARNING * * *
A scorpion comes into view.
The orc priest invokes the aid of Beogh against you.
Beogh smites you!
You die...

,,*###.................+.........
,,,.#...o.o..........$.#........#
*,,)#..#o########..?...#........#
*+*#*,,#o,,#...........#..>...!.#
*,,,,,##o*,#.###.......#.....W..#
*_*,,,#.o***,*,#.......'........+
***,,,#..+,,,,,#..######........#
*,*,,,#..#######..# ##.......#
*,,,,,#.ooo.o.O.@.# ###.....#
*+**#....########.# #######
*,,,#....* *.# ,,,,#..o.* *s#
,,**##.#.** *.# ,,,,*....,* *.#
,,,,#.,.#,** *## ,,,,##*#*,,* ***
***** ***** **,* **,* *,,,*


You could see an ogre, a scorpion, 2 orc priests and an orc.

Vanquished Creatures
  A scorpion (D:3)
  2 adders (D:2)
  3 gnolls
  2 worms (D:2)
  2 dart slugs
  A giant gecko (D:3)
  An orc (D:3)
  6 bats
  2 giant cockroaches (D:1)
  9 goblins
  15 hobgoblins
  8 jackals
  A quokka (D:2)
  2 ball pythons
  9 kobolds
  4 rats
68 creatures vanquished.

Notes
Turn   | Place    | Note
--------------------------------------------------------------
     0 | D:1      | HODOR the Mummy Berserker began the quest for the Orb.
     0 | D:1      | Reached XP level 1. HP: 18/18 MP: 1/1
   180 | D:1      | Reached XP level 2. HP: 19/24 MP: 2/2
  1637 | D:1      | Reached XP level 3. HP: 27/29 MP: 3/3
  1675 | D:1      | Reached ** piety under Trog
  1967 | D:2      | Found an oddly glowing altar of Pakellas.
  2194 | D:2      | Found a faded altar to an unknown god.
  2621 | D:2      | Reached skill level 4 in Fighting
  2904 | D:2      | Reached XP level 4. HP: 37/37 MP: 4/4
  3794 | D:3      | Reached XP level 5. HP: 20/43 MP: 5/5
  4362 | D:4      | Noticed a phantom
  4405 | D:4      | Noticed an ogre
  4414 | D:4      | Killed from afar by an orc priest

Skill      XL: |  1  2  3 |
---------------+----------+-----
Polearms       | 3 |  3.3
Fighting       | 4 |  4.5
Armour         | 2 |  2.8
Dodging        | |  1.5
Stealth        | |  0.1

Action                   |  1- 3 |  4- 6 || total
-------------------------+-------+-------++-------
Melee: Spear             |   208 |    68 ||   276
       Halberd           |       |    61 ||    61
Invok: Trog's Hand       |       |     1 ||     1
  Use: Scroll            |     3 |     3 ||     6
Armor: Animal skin       |    28 |       ||    28
       Leather armour    |    15 |       ||    15
       Scale mail        |    24 |    54 ||    78
Dodge: Dodged            |   108 |    91 ||   199
